 Dungeon Crawl Stone Soup version 0.20.1-1-g8b1a95d (webtiles) character file.

1486 Monsterracer the Basher (level 8, -1/112 HPs)
             Began as a Green Draconian Artificer on July 4, 2017.
             Was a Priest of Vehumet.
             Slain by Frank's ghost (7 damage)
             ... on level 6 of the Dungeon.
             The game lasted 00:17:21 (6212 turns).

Monsterracer the Basher (Green Draconian Artificer) Turns: 6212, Time: 00:17:23

Health: -1/112     AC: 24    Str: 14    XL:     8   Next: 50%
Magic:  10/10      EV:  2    Int: 11    God:    Vehumet [***...]
Gold:   271        SH:  0    Dex: 13    Spells: 7/7 levels left

rFire    . . .     SeeInvis .   p - +1 morningstar
rCold    . . .     Gourm    .   (no shield)
rNeg     + + +     Faith    .   (armour unavailable)
rPois    +         Spirit   .   (helmet currently unavailable)
rElec    .         Reflect  .   (cloak currently unavailable)
rCorr    .         Harm     .   (gloves currently unavailable)
MR       .....     NoTele   +   (boots currently unavailable)
Stlth    ++........             (no amulet)
Regen    0.7/turn               (no ring)
MPRegen  0.2/turn               (no ring)

@: tree-form
A: (breathe noxious fumes), unfitting armour, deterioration 1, dopey 1,
regeneration 1, robust 1, AC +6
a: Renounce Religion


You were on level 6 of the Dungeon.
You worshipped Vehumet.
Vehumet was most pleased with you.
You were near starving.
You were a tree.
You visited 1 branch of the dungeon, and saw 6 of its levels.

You collected 271 gold pieces.

Inventory:

Hand Weapons
 p - a +1 morningstar (weapon)
Wands
 b - a wand of flame (11/48)
 c - a wand of enslavement (11/24)
 d - a wand of random effects (19/48)
 o - a wand of paralysis (12/24)
 q - a wand of disintegration (14/24)
Scrolls
 e - 3 scrolls of remove curse
 m - a scroll of enchant weapon
 r - a scroll of amnesia
Potions
 a - 2 potions of flight
 g - 2 potions of lignification
 h - 3 potions of curing
 i - 2 potions of agility
 j - a potion of mutation
Comestibles
 f - 4 bread rations
 k - a fruit
 l - a royal jelly
 n - 2 meat rations


   Skills:
 + Level 5.5 Fighting
   Level 1.0 Short Blades
 * Level 8.0 Maces & Flails
 + Level 4.5 Dodging
 - Level 0.8 Stealth
 - Level 3.0 Evocations


You had 7 spell levels left.
You didn't know any spells.

Dungeon Overview and Level Annotations

Branches:
Dungeon (6/15)
 Temple: D:4-7

Altars:
Gozag
Vehumet

Shops:
D:5 :

Annotations:
D:6 Frank's ghost, novice GrFi


Innate Abilities, Weirdness & Mutations

((You can breathe blasts of noxious fumes.))
((Your lurid green scales are hard. (AC +6)))
You cannot fit into any form of body armour.
((Your system is resistant to poisons. (rPois)))
((You are cold-blooded and may be slowed by cold attacks.))
Your body sometimes deteriorates upon taking damage.
You are dopey. (Int -2)
Your natural rate of healing is unusually fast.
You are robust. (+10% HP)


Message History

Frank's ghost is heavily damaged.
Frank's ghost hits you.
* * * LOW HITPOINT WARNING * * *
Frank's ghost hits you but does no damage.
Huge Dmg: -5%(-6hp) hp: 8%(8hp)
You puncture Frank's ghost!
Frank's ghost is severely damaged.
Frank's ghost hits you but does no damage.
You miss Frank's ghost.
Frank's ghost is severely damaged.
Frank's ghost hits you.
* * * LOW HITPOINT WARNING * * *
Huge Dmg: -4%(-4hp) hp: 5%(5hp)
You hit Frank's ghost but do no damage.
Frank's ghost is severely damaged.
Frank's ghost hits you but does no damage.
You barely miss Frank's ghost.
Frank's ghost is severely damaged.
Frank's ghost hits you!
You die...

#># #.# ####### #.#
############.#
W...:.# #.#
#(...........#
#.###.#
###.###.############
#.# #.# #.....#.#
#.###.####.....#.#
#....#.........#.#
.####.####.....#.#
#. #.####.....#♣# ##
#.........(W)#
##############


You could see Frank's ghost.

Vanquished Creatures
  Grinder (D:3)
  Eustachio (D:4)
  Duvessa (D:4)
  An ice beast (D:5)
  An ogre (D:4)
  2 centaurs
  Dowan (D:4)
  A scorpion (D:5)
  3 crimson imps
  A bullfrog zombie (D:5)
  A bullfrog skeleton (D:4)
  A centaur skeleton (D:4)
  2 orc priests
  2 hounds (D:4)
  An iguana (D:4)
  A worker ant (D:3)
  A hound skeleton (D:6)
  A worker ant zombie (D:6)
  Robin (D:4)
  8 adders
  An adder zombie (D:6)
  An adder skeleton (D:4)
  4 worms
  2 dart slugs (D:1)
  3 leopard geckos
  12 orcs
  2 ball pythons
  9 bats
  6 giant cockroaches
  16 goblins
  13 hobgoblins
  7 kobolds
  2 quokkas
  5 frilled lizards
  9 rats
124 creatures vanquished.

Vanquished Creatures (collateral kills)
  An adder (D:2)
1 creature vanquished.

Vanquished Creatures (others)
  An adder (D:2)
1 creature vanquished.

Grand Total: 126 creatures vanquished

Notes
Turn   | Place    | Note
-------+----------+-------------------------------------------
     0 | D:1      | Monsterracer the Draconian Artificer began the quest for the Orb.
     0 | D:1      | Reached XP level 1. HP: 16/16 MP: 3/3
   227 | D:1      | Reached XP level 2. HP: 21/25 MP: 4/4
   468 | D:1      | Reached skill level 1 in Maces & Flails
   792 | D:1      | Reached XP level 3. HP: 30/30 MP: 5/5
   906 | D:1      | Reached skill level 2 in Maces & Flails
  1455 | D:2      | Reached skill level 3 in Maces & Flails
  1655 | D:2      | Reached XP level 4. HP: 37/37 MP: 6/6
  1688 | D:2      | Found a faded altar of an unknown god.
  1690 | D:2      | Became a worshipper of Vehumet
  1690 | D:2      | Reached * piety under Vehumet
  1690 | D:2      | Offered knowledge of Freeze by Vehumet.
  1718 | D:2      | Learned a level 1 spell: Freeze
  3292 | D:3      | Reached skill level 4 in Maces & Flails
  3292 | D:3      | Reached XP level 5. HP: 42/42 MP: 7/7
  3805 | D:3      | Noticed Grinder
  3807 | D:3      | Paralysed by Grinder for 7 turns
  3817 | D:3      | Paralysed by Grinder for 5 turns
  3855 | D:2      | Gained mutation: Your body sometimes deteriorates upon taking damage. [potion of mutation]
  3855 | D:2      | Gained mutation: You are dopey. (Int -2) [potion of mutation]
  3855 | D:2      | Gained mutation: You are robust. (+10% HP) [potion of mutation]
  3855 | D:2      | Gained mutation: Your natural rate of healing is unusually fast. [potion of mutation]
  3922 | D:3      | Killed Grinder
  3922 | D:3      | Reached skill level 5 in Maces & Flails
  3922 | D:3      | Reached XP level 6. HP: 38/56 MP: 8/8
  3995 | D:3      | Reached ** piety under Vehumet
  3995 | D:3      | Offered knowledge of Throw Flame by Vehumet.
  4165 | D:4      | Noticed Duvessa
  4169 | D:4      | Noticed Dowan
  4225 | D:4      | Killed Duvessa
  4225 | D:4      | Your scales start taking on a lurid green colour.
  4225 | D:4      | Reached XP level 7. HP: 63/63 MP: 9/9
  4225 | D:4      | Gained mutation: Your system is resistant to poisons. (rPois) [Green Draconian growth]
  4250 | D:4      | Killed Dowan
  4388 | D:4      | Reached skill level 6 in Maces & Flails
  4407 | D:4      | Noticed Robin
  4421 | D:4      | Killed Robin
  4617 | D:4      | Found an opulent altar of Gozag.
  4791 | D:4      | Noticed Eustachio
  4804 | D:4      | Killed Eustachio
  4804 | D:4      | Offered knowledge of Stone Arrow by Vehumet.
  5043 | D:4      | Reached skill level 7 in Maces & Flails
  5043 | D:4      | Reached XP level 8. HP: 73/73 MP: 10/10
  5167 | D:5      | Entered Level 5 of the Dungeon
  5172 | D:5      | Reached skill level 5 in Fighting
  5945 | D:5      | Found Figg's Book Boutique.
  6141 | D:6      | Noticed Frank's ghost (novice GrFi)
  6180 | D:6      | Reached *** piety under Vehumet
  6184 | D:6      | Reached skill level 8 in Maces & Flails
  6210 | D:6      | HP: 5/112 [Frank's ghost (5)]
  6212 | D:6      | Slain by Frank's ghost

Skill      XL: |  1  2  3  4  5  6  7  8 |
---------------+-------------------------+-----
Fighting       | 2 3 4 5 |  5.5
Maces & Flails | 1 3 4 5 7 8 |  8.0
Dodging        | 2 3 4 |  4.5
Short Blades   | |  1.0
Stealth        | |  0.8
Evocations     | |  3.0

Action                   |  1- 3 |  4- 6 |  7- 9 || total
-------------------------+-------+-------+-------++-------
Melee: Short sword       |    80 |       |       ||    80
       Tailslap          |    12 |    21 |    18 ||    51
       Whip              |    38 |   101 |       ||   139
       Club              |    13 |       |       ||    13
       Flail             |       |    29 |       ||    29
       Morningstar       |       |    66 |   203 ||   269
       Unarmed           |       |     2 |       ||     2
 Abil: Breathe Noxious F |       |       |     4 ||     4
Evoke: Wand              |     4 |    10 |     2 ||    16
  Use: Potion            |     3 |     3 |     4 ||    10
       Scroll            |       |       |    11 ||    11
 Stab: Sleeping          |     4 |     1 |       ||     5
       Paralysed         |       |     4 |       ||     4
       Betrayed ally     |       |     1 |       ||     1
       Confused          |       |       |     1 ||     1
  Eat: Chunk             |     2 |     4 |     6 ||    12
       Bread ration      |       |     1 |       ||     1
Armor: Skin              |    60 |    54 |    93 ||   207
Dodge: Dodged            |   129 |   144 |   111 ||   384
